 Dungeon Crawl Stone Soup version 0.29-a0-283-ga02f740833 (webtiles) character file.

Game seed: 11774058531998313947

125356 PaleWalker the Prestidigitator (level 16, -2/127 HPs)
             Began as a Gnoll Wanderer on Mar 13, 2022.
             Was a High Priest of Cheibriados.
             Slain by a frost giant
             ... wielding a +1 battleaxe of freezing
              (23 damage)
             ... on level 4 of the Shoals.
             The game lasted 01:50:13 (29454 turns).

PaleWalker the Prestidigitator (Gnoll Wanderer)    Turns: 29454, Time: 01:50:13

Health: -2/127     AC: 22    Str: 26    XL:     16   Next: 95%
Magic:  10/31      EV: 16    Int: 27    God:    Cheibriados [*****.]
Gold:   1375       SH: 23    Dex: 34    Spells: 30/37 levels left

rFire   + + .      SeeInvis +   b - +6 long sword of Uliseido {vamp, rPois rC++}
rCold   + + +      Faith    .   H - +1 tower shield
rNeg    . . .      Spirit   .   p - +1 plate armour {rF+}
rPois   +          Reflect  .   C - +3 crown of Dyrovepreva {rElec Int+2 SInv}
rElec   +          Harm     .   W - scarf {rC+ rF+}
rCorr   .          Rampage  .   X - +0 pair of gloves
Will    ++...                   V - +0 pair of boots
Stlth   ++........              J - amulet of regeneration
HPRegen 1.11/turn               U - ring of flight
MPRegen 0.22/turn               u - ring of willpower

@: flying, very slow
A: fangs 1, strong nose, distributed training
a: Renounce Religion, Bend Time, Temporal Distortion, Slouch, Step From Time


You were on level 4 of the Shoals.
You worshipped Cheibriados.
Cheibriados was extremely pleased with you.
You visited 5 branches of the dungeon, and saw 25 of its levels.
You visited 1 bazaar.

You collected 2781 gold pieces.
You spent 1406 gold pieces at shops.

Inventory:

Hand Weapons
 a - a +8 vampiric spear
 b - the +6 long sword of Uliseido (weapon) {vamp, rPois rC++}
   (You bought it in a shop on level 2 of the Orcish Mines)

   It occasionally heals its wielder for a portion of the damage dealt when it
   wounds a living foe.
   rC:        It greatly protects you from cold.
   rPois:     It protects you from poison.
Missiles
 o - 4 curare-tipped darts (quivered)
 D - 5 throwing nets
 L - 2 boomerangs of dispersal
Armour
 p - a +1 plate armour of fire resistance (worn)
 C - the +3 crown of Dyrovepreva (worn) {rElec Int+2 SInv}
   (You bought it in a shop in a bazaar)

   Int:       It affects your intelligence (+2).
   rElec:     It insulates you from electricity.
   SInv:      It lets you see invisible.
 H - a +1 tower shield (worn)
 V - a +0 pair of boots (worn)
 W - a scarf of resistance (worn)
 X - a +0 pair of gloves (worn)
Jewellery
 g - a +4 ring of protection
 u - a ring of willpower (right hand)
 J - an amulet of regeneration (around neck)
 U - a ring of flight (left hand)
Wands
 c - a wand of polymorph (8)
 d - a wand of mindburst (1)
 e - a wand of iceblast (3)
 n - a wand of flame (4)
 B - a wand of acid (10)
 E - a wand of digging (8)
 N - a wand of paralysis (20)
 T - a wand of charming (10)
Scrolls
 i - a scroll of summoning
 l - 5 scrolls of fog
 s - 6 scrolls of immolation
 w - 9 scrolls of fear
 x - 5 scrolls of brand weapon
 A - 10 scrolls of teleportation
 F - 2 scrolls of vulnerability
 G - 2 scrolls of magic mapping
 K - 2 scrolls of torment
 O - 3 scrolls of silence
 Y - 4 scrolls of enchant weapon
 Z - 5 scrolls of amnesia
Potions
 f - 6 potions of mutation
 h - 2 potions of flight
 j - 3 potions of might
 k - 4 potions of brilliance
 m - 5 potions of attraction
 r - 8 potions of curing
 v - 4 potions of lignification
 y - a potion of resistance {unknown}
 z - 3 potions of berserk rage
 I - 2 potions of cancellation
 M - 6 potions of degeneration
 R - 2 potions of invisibility {unknown}
Miscellaneous
 t - a lightning rod (2/4)
 P - a condenser vane (inert)
 Q - a box of beasts
 S - a phantom mirror


   Skills:
 + Level 12.1 Fighting
 + Level 11.3 Short Blades
 + Level 11.3 Long Blades
 + Level 11.3 Axes
 + Level 11.3 Maces & Flails
 + Level 11.3 Polearms
 + Level 11.3 Staves
 + Level 12.1 Slings
 + Level 11.3 Bows
 + Level 11.3 Crossbows
 + Level 11.3 Throwing
 + Level 11.3 Armour
 + Level 11.3 Dodging
 + Level 11.3 Stealth
 + Level 11.3 Shields
 + Level 12.9 Unarmed Combat
 + Level 11.3 Spellcasting
 + Level 9.5 Conjurations
 + Level 9.5 Hexes
 + Level 9.5 Summonings
 + Level 9.5 Necromancy
 + Level 9.5 Translocations
 + Level 9.5 Transmutations
 + Level 9.5 Fire Magic
 + Level 9.5 Ice Magic
 + Level 9.5 Air Magic
 + Level 9.5 Earth Magic
 + Level 9.5 Poison Magic
 + Level 12.2 Invocations
 + Level 12.9 Evocations


You had 30 spell levels left.
You knew the following spells:

 Your Spells              Type           Power      Damage    Failure   Level
a - Sandblast             Erth           100%       2d20      3%          1
b - Blink                 Tloc           100%       N/A       5%          2
c - Passwall              Tmut/Erth      50%        N/A       5%          2
d - Wereblood             Tmut           61%        N/A       5%          2

Your spell library contained the following spells:

 Spells                   Type           Power      Damage    Failure   Level
 Foxfire                  Conj/Fire      100%       2x1d9     3%          1
 Magic Dart               Conj           100%       1d8       3%          1
 Sting                    Tmut/Pois      100%       1d8       3%          1
 Corpse Rot               Necr/Air       100%       N/A       5%          2
 Poisonous Vapours        Pois/Air       100%       N/A       5%          2
 Searing Ray              Conj           100%       2d8       5%          2
 Static Discharge         Conj/Air       61%        N/A       5%          2
 Sublimation of Blood     Necr           61%        N/A       5%          2
 Conjure Flame            Conj/Fire      61%        6-21      11%         3
 Dazzling Flash           Conj/Hex       100%       N/A       11%         3
 Gell's Gravitas          Tloc           61%        N/A       11%         3
 Inner Flame              Hex/Fire       61%        N/A       11%         3
 Lesser Beckoning         Tloc           61%        N/A       11%         3
 Ozocubu's Armour         Ice            61%        N/A       11%         3
 Portal Projectile        Hex/Tloc       100%       N/A       11%         3
 Stone Arrow              Conj/Erth      100%       3d13      11%         3
 Teleport Other           Tloc           61%        N/A       11%         3
 Animate Armour           Summ/Erth      100%       N/A       34%         4
 Cause Fear               Hex            30%        N/A       34%         4
 Dispel Undead            Necr           61%        3d21      34%         4
 Flame Wave               Conj/Fire      61%        2d12      34%         4
 Fulminant Prism          Conj/Hex       30%        3d16      34%         4
 Olgreb's Toxic Radiance  Pois           61%        N/A       34%         4
 Petrify                  Tmut/Erth      61%        N/A       34%         4
 Sticky Flame             Conj/Fire      61%        2d8       34%         4
 Agony                    Necr           61%        N/A       69%         5
 Blade Hands              Tmut           30%        N/A       69%         5
 Excruciating Wounds      Necr           30%        N/A       69%         5
 Irradiate                Conj/Tmut      30%        3d23      69%         5
 Metabolic Englaciation   Hex/Ice        30%        N/A       69%         5
 Silence                  Hex/Air        30%        N/A       69%         5
 Death Channel            Necr           30%        N/A       99%         6
 Iron Shot                Conj/Erth      30%        9d6       99%         6
 Simulacrum               Ice/Necr       30%        N/A       99%         6
 Statue Form              Tmut/Erth      40%        N/A       99%         6
 Malign Gateway           Summ/Tloc      30%        N/A       100%        7
 Summon Hydra             Summ           30%        N/A       100%        7
 Borgnjor's Revivificati  Necr           30%        N/A       100%        8
 Discord                  Hex            30%        N/A       100%        8
 Necromutation            Tmut/Necr      30%        N/A       100%        8
 Death's Door             Necr           30%        N/A       100%        9


Dungeon Overview and Level Annotations

Branches:
Dungeon (12/15)            Temple (0/1) D:5            Lair (6/6) D:9
 Shoals (4/4) Lair:3       Spider (1/4) Lair:3        Slime (0/5) Lair:5
    Orc (2/2) D:10            Elf (0/3) Orc:2

Altars:
Ashenzari
Cheibriados
Dithmenos
Fedhas
Gozag
Kikubaaqudgha
Nemelex Xobeh
Okawaru
Qazlal
Ru
Beogh
Lugonu

Shops:
D:1 [   D:7 [   D:8 [   Orc:2 *?(?:

Portals:
Abyss: D:4 Lair:6
Pandemonium: Orc:2

Annotations:
D:8 Psyche
Spider:1 Jorgrun, Louise


Innate Abilities, Weirdness & Mutations

You have very sharp teeth.
Your uncanny sense of smell can sniff out nearby items.
Your experience applies equally to all skills.


Message History

The frost giant gestures at you while chanting.
The bolt of cold hits you but does no damage.
Aiming: Throw Flame
Press: ? - help, Shift-Dir - straight line, f - frost giant
Aim: a frost giant, wielding a +1 battleaxe of freezing (freezing vapour, moderately wounded, 98% to hit)
The puff of flame hits the frost giant.
The frost giant is moderately wounded.
You hear a sizzling sound!
You are engulfed in freezing vapours.
You resist. You block the frost giant's attack.
Press: ? - help, v - describe, . - travel
Here: a frost giant, wielding a +1 battleaxe of freezing (moderately wounded) Some shallow water.
Aiming: Corrosive Bolt
Press: ? - help, Shift-Dir - straight line, f/p - frost giant
Aim: a frost giant, wielding a +1 battleaxe of freezing (moderately wounded, 98% to hit)
The bolt of acid hits the frost giant!!
The acid corrodes the frost giant!
The frost giant is severely wounded.
You are engulfed in freezing vapours.
You resist.
The frost giant points at you and mumbles some strange words.
The bolt of cold misses you.
You slash the frost giant!
You feel better.
The frost giant is severely wounded.
The frost giant casts a spell at you. The bolt of cold misses you.
You hit the frost giant.
You feel better.
You bite the frost giant, but do no damage.
The frost giant is severely wounded.
You are engulfed in freezing vapours.
You resist.
The frost giant hits you with a +1 battleaxe of freezing!
You slice the frost giant!!
The frost giant is almost dead.
You are engulfed in freezing vapours.
You resist.
The frost giant hits you with a +1 battleaxe of freezing!!
* * * LOW HITPOINT WARNING * * *
You hit the frost giant.
You bite the frost giant, but do no damage.
The frost giant is almost dead.
The frost giant hits you with a +1 battleaxe of freezing!!
You die...

#≈≈≈≈≈≈≈.........≈ ≈≈ ≈
###≈≈≈≈≈.......... . ≈≈≈
#≈≈≈............. ≈≈≈≈≈≈≈###≈ §#§
##≈.............. ≈≈≈≈≈≈≈≈ ≈≈m§§
##≈..≈...........
≈≈≈≈≈≈≈##≈§#°#§##≈≈≈≈≈≈.........≈
≈.≈≈≈≈≈≈#≈§§§§°§#≈≈≈≈≈≈.≈..≈≈≈≈≈#
.≈≈≈≈≈≈≈## #§§C##≈.....≈.≈≈≈≈≈≈#
≈≈≈≈≈≈≈≈≈#######@≈........≈≈≈≈≈##
≈≈≈≈≈≈≈≈≈#≈##≈##..........≈≈≈≈##.
#≈≈)≈≈≈≈≈≈≈≈≈(≈≈..........≈≈≈≈###
#≈≈)≈≈≈≈≈≈≈≈≈≈≈...........≈≈≈≈# #
≈#≈≈≈)≈≈≈≈≈≈≈≈≈...........≈≈≈≈###
≈#≈≈)≈≈≈.....≈≈...........≈≈≈≈##.
###≈≈≈....................≈≈≈≈.##
≈##≈......................≈≈≈...#
###.....<......≈≈......≈≈≈≈≈≈...#


You could see a frost giant (corroded).

Vanquished Creatures
  Rupert (Orc:2)
  A ghost moth (Spider:1)
  Snorg (Lair:6)
  2 merfolk javelineers (Shoals:4)
  3 merfolk impalers
  2 hydras
  3 centaur warriors
  6 boulder beetles
  A catoblepas (Lair:2)
  An ogre mage (D:11)
  A demonspawn (Orc:2)
  6 two-headed ogres
  5 death yaks (Lair:3)
  3 alligator snapping turtles
  3 merfolk aquamancers
  5 orc high priests (Orc:2)
  3 thrashing horrors (Lair:6)
  A sun moth (Lair:3)
  4 skeletal warriors
  7 sea snakes
  16 harpies
  8 bog bodies (Shoals:2)
  6 orc knights
  A deep elf pyromancer (D:9)
  10 orc sorcerers
  10 manticores
  4 cyclopes
  9 ugly things
  8 elephants
  An ice statue (Shoals:1)
  Joseph (D:8)
  Maurice (D:10)
  4 black mambas
  A water nymph (Shoals:4)
  9 merfolk sirens
  12 cane toads
  3 gargoyles
  2 smoke demons
  A rime drake (Lair:5)
  An unseen horror (D:11)
  2 demonic crawlers
  2 kobold demonologists
  8 komodo dragons
  A hellwing (Orc:2)
  17 merfolk
  A red devil (Orc:2)
  12 trolls
  A yaktaur (D:11)
  A komodo dragon (shapeshifter) (Lair:6)
  An ancient zyme (Lair:6)
  A meliai (D:9)
  The ghost of SweetAndFullOfGrace the Cleaver, an amateur MiBe of Trog (D:4)
  Prince Ribbit (D:8)
  A polar bear (Lair:6)
  33 blink frogs
  2 hornets
  4 wind drakes
  8 dream sheep
  6 snapping turtles
  3 jumping spiders
  2 culicivoras (Lair:3)
  A shadow (D:12)
  A spriggan (Lair:6)
  Sigmund (D:6)
  3 wraiths
  3 ynoxinuls
  13 wyverns
  6 water elementals
  16 yaks
  2 hogs (D:10)
  4 basilisks (Lair:6)
  2 large abominations (Lair:6)
  3 chaos spawn (Lair:6)
  A steam dragon (D:7)
  4 redbacks
  2 wargs (Orc:2)
  Edmund (D:6)
  3 swamp worms (D:11)
  15 water moccasins
  2 ice beasts (D:7)
  35 orc warriors
  A black bear (shapeshifter) (D:9)
  10 black bears
  7 ogres
  7 centaurs
  14 wolves
  A phantom (D:5)
  3 kobold brigands
  Blork the orc (D:6)
  12 bullfrogs
  2 gnoll sergeants
  2 necrophages
  9 small abominations
  4 scorpions
  5 wights (D:6)
  11 killer bees
  7 howler monkeys
  11 electric eels
  A crimson imp (D:4)
  3 lava snakes (Lair:6)
  32 orc priests
  13 jellies
  3 hounds
  Ijyb (D:5)
  6 hell rats (Lair:6)
  2 iguanas (D:5)
  16 orc wizards
  6 gnolls
  7 adders
  2 white imps
  2 worms
  2 dart slugs
  100 orcs
  11 endoplasms
  3 giant cockroaches
  10 goblins
  9 hobgoblins
  4 jackals
  5 quokkas
  9 ball pythons
  11 bats
  7 frilled lizards
  A goblin zombie (D:7)
  16 kobolds
  4 rats
  A rat zombie (D:7)
787 creatures vanquished.

Vanquished Creatures (collateral kills)
  Saint Roka (Orc:2)
  A kraken (Shoals:3)
  A merfolk impaler (Shoals:4)
  A harpy (Shoals:4)
  An orange demon (Orc:2)
  3 orc warriors (Orc:2)
  A centaur (D:11)
  An orc wizard (Orc:2)
  2 orcs (Orc:2)
  A tentacle (Shoals:3)
13 creatures vanquished.

Vanquished Creatures (others)
  A human (D:6)
  2 orcs (Orc:2)
  20 fungi
  78 plants
  24 tentacles
125 creatures vanquished.

Grand Total: 925 creatures vanquished

Notes
Turn   | Place    | Note
-------+----------+-------------------------------------------
     0 | D:1      | PaleWalker the Gnoll Wanderer began the quest for the Orb.
     0 | D:1      | PaleWalker set off with the following items: a +0 hunting
                  | sling, 2 scrolls of fear, a potion of haste, a piece from
                  | Xom's chessboard (15/15), a +0 leather armour
     0 | D:1      | Reached XP level 1. HP: 20/20 MP: 1/1
    84 | D:1      | Got the Handbook of the Unstable Oath
   148 | D:1      | Reached XP level 2. HP: 19/26 MP: 2/2
   413 | D:1      | Found Petumpuat's Antique Armour Shop.
   544 | D:1      | Reached XP level 3. HP: 30/31 MP: 3/3
   816 | D:1      | Found a faded altar of an unknown god.
   819 | D:1      | Prayed at the altar of an unknown god.
   819 | D:1      | Became a worshipper of Cheibriados the Contemplative
   819 | D:1      | Reached * piety under Cheibriados
  1060 | D:2      | Reached skill level 1 in Invocations
  1150 | D:2      | Reached skill level 1 in Short Blades
  1150 | D:2      | Reached skill level 1 in Long Blades
  1150 | D:2      | Reached skill level 1 in Axes
  1150 | D:2      | Reached skill level 1 in Maces & Flails
  1150 | D:2      | Reached skill level 1 in Polearms
  1150 | D:2      | Reached skill level 1 in Staves
  1150 | D:2      | Reached skill level 1 in Bows
  1150 | D:2      | Reached skill level 1 in Crossbows
  1150 | D:2      | Reached skill level 1 in Throwing
  1150 | D:2      | Reached skill level 1 in Armour
  1150 | D:2      | Reached skill level 1 in Dodging
  1150 | D:2      | Reached skill level 1 in Stealth
  1150 | D:2      | Reached skill level 1 in Shields
  1150 | D:2      | Reached skill level 1 in Spellcasting
  1246 | D:2      | Reached XP level 4. HP: 32/38 MP: 5/5
  1813 | D:2      | Reached ** piety under Cheibriados
  2142 | D:3      | Reached skill level 1 in Conjurations
  2142 | D:3      | Reached skill level 1 in Hexes
  2142 | D:3      | Reached skill level 1 in Summonings
  2142 | D:3      | Reached skill level 1 in Necromancy
  2142 | D:3      | Reached skill level 1 in Translocations
  2142 | D:3      | Reached skill level 1 in Transmutations
  2142 | D:3      | Reached skill level 1 in Fire Magic
  2142 | D:3      | Reached skill level 1 in Ice Magic
  2142 | D:3      | Reached skill level 1 in Air Magic
  2142 | D:3      | Reached skill level 1 in Earth Magic
  2142 | D:3      | Reached skill level 1 in Poison Magic
  2145 | D:3      | Found an iron altar of Okawaru.
  2367 | D:3      | Found a stormy altar of Qazlal.
  2367 | D:3      | Found a blossoming altar of Fedhas.
  2367 | D:3      | Found a sparkling altar of Nemelex Xobeh.
  2391 | D:3      | Reached XP level 5. HP: 34/43 MP: 6/6
  3043 | D:3      | Noticed a black bear
  3055 | D:3      | Killed a black bear
  3056 | D:3      | Reached skill level 5 in Fighting
  3056 | D:3      | Reached skill level 5 in Slings
  3056 | D:3      | Reached XP level 6. HP: 51/51 MP: 8/8
  3182 | D:3      | Reached *** piety under Cheibriados
  3354 | D:4      | Found a transporter.
  3441 | D:4      | Found a transporter.
  3445 | D:4      | Found a one-way gate to the infinite horrors of the Abyss.
  3445 | D:4      | Noticed SweetAndFullOfGrace's ghost (amateur MiBe)
  3751 | D:4      | Reached XP level 7. HP: 56/56 MP: 10/10
  4020 | D:4      | Learned a level 1 spell: Sandblast
  4049 | D:4      | Reached **** piety under Cheibriados
  4061 | D:4      | Killed SweetAndFullOfGrace's ghost
  4074 | D:4      | Reached XP level 8. HP: 16/63 MP: 10/12
  4372 | D:5      | Entered Level 5 of the Dungeon
  4372 | D:5      | Noticed Ijyb
  4377 | D:5      | Killed Ijyb
  5085 | D:5      | Found a staircase to the Ecumenical Temple.
  5137 | D:5      | You fall into a shaft and drop 2 floors!
  5685 | D:7      | Reached ***** piety under Cheibriados
  5686 | D:7      | Reached XP level 9. HP: 69/69 MP: 14/14
  5687 | D:7      | Found Qacokuol's Armour Boutique.
  6360 | D:6      | Noticed Edmund
  6368 | D:6      | Killed Edmund
  6425 | D:6      | Identified the +0 leather armour of Upnoyz {rF+}
  6461 | D:6      | Noticed Sigmund
  6482 | D:6      | Killed Sigmund
  6785 | D:6      | Found an ancient bone altar of Kikubaaqudgha.
  6974 | D:6      | Reached skill level 5 in Invocations
  7322 | D:6      | Noticed Blork the orc
  7326 | D:6      | Killed Blork the orc
  8088 | D:8      | Found an opulent altar of Gozag.
  8205 | D:8      | Noticed Prince Ribbit
  8213 | D:8      | Reached XP level 10. HP: 71/77 MP: 17/17
  8218 | D:8      | Killed Prince Ribbit
  8243 | D:8      | Found Kaokeipt's Antique Armour Shoppe.
  8243 | D:8      | Noticed Psyche
  8385 | D:8      | Noticed Joseph
  8397 | D:8      | Killed Joseph
  8398 | D:8      | Reached skill level 5 in Short Blades
  8398 | D:8      | Reached skill level 5 in Long Blades
  8398 | D:8      | Reached skill level 5 in Axes
  8398 | D:8      | Reached skill level 5 in Maces & Flails
  8398 | D:8      | Reached skill level 5 in Polearms
  8398 | D:8      | Reached skill level 5 in Staves
  8398 | D:8      | Reached skill level 5 in Bows
  8398 | D:8      | Reached skill level 5 in Crossbows
  8398 | D:8      | Reached skill level 5 in Throwing
  8398 | D:8      | Reached skill level 5 in Armour
  8398 | D:8      | Reached skill level 5 in Dodging
  8398 | D:8      | Reached skill level 5 in Stealth
  8398 | D:8      | Reached skill level 5 in Shields
  8398 | D:8      | Reached skill level 5 in Spellcasting
  9352 | D:9      | Noticed a deep elf pyromancer
  9355 | D:9      | Noticed a kobold demonologist
  9362 | D:9      | Noticed an orc sorcerer
  9367 | D:9      | Noticed a two-headed ogre
  9376 | D:9      | Killed a two-headed ogre
  9629 | D:9      | Found a broken altar of Ashenzari.
  9827 | D:9      | Killed a kobold demonologist
  9914 | D:9      | Noticed a rust devil
  9917 | D:9      | Noticed a soul eater
  9918 | D:9      | Killed an orc sorcerer
 10289 | D:9      | Noticed a green ugly thing
 10289 | D:9      | Noticed a centaur warrior
 10289 | D:9      | Noticed a red ugly thing
 10294 | D:9      | Noticed a centaur warrior
 10302 | D:9      | Reached XP level 11. HP: 44/84 MP: 19/19
 10378 | D:9      | Reached ****** piety under Cheibriados
 10936 | D:9      | Killed a centaur warrior
 10994 | D:9      | Reached skill level 5 in Conjurations
 10994 | D:9      | Reached skill level 5 in Hexes
 10994 | D:9      | Reached skill level 5 in Summonings
 10994 | D:9      | Reached skill level 5 in Necromancy
 10994 | D:9      | Reached skill level 5 in Translocations
 10994 | D:9      | Reached skill level 5 in Transmutations
 10994 | D:9      | Reached skill level 5 in Fire Magic
 10994 | D:9      | Reached skill level 5 in Ice Magic
 10994 | D:9      | Reached skill level 5 in Air Magic
 10994 | D:9      | Reached skill level 5 in Earth Magic
 10994 | D:9      | Reached skill level 5 in Poison Magic
 11037 | D:9      | Killed a red ugly thing
 11045 | D:9      | Killed a red ugly thing
 11356 | D:9      | Killed a deep elf pyromancer
 11512 | D:9      | Killed a centaur warrior
 11730 | D:9      | Found a staircase to the Lair.
 11893 | D:10     | Entered Level 10 of the Dungeon
 11898 | D:10     | Noticed Maurice
 12109 | D:10     | Killed Maurice
 12393 | D:10     | Found a staircase to the Orcish Mines.
 12414 | D:10     | Noticed a two-headed ogre
 12416 | D:10     | Noticed a manticore
 12423 | D:10     | Killed a two-headed ogre
 12428 | D:10     | Killed a manticore
 12663 | D:10     | Reached XP level 12. HP: 84/93 MP: 22/22
 13289 | D:10     | Noticed a two-headed ogre
 13289 | D:10     | Noticed a two-headed ogre
 13289 | D:10     | Noticed a two-headed ogre
 13302 | D:10     | Killed a two-headed ogre
 13314 | D:10     | Killed a two-headed ogre
 13326 | D:10     | Killed a two-headed ogre
 13424 | D:10     | Found a sacrificial altar of Ru.
 13977 | Orc:1    | Entered Level 1 of the Orcish Mines
 14435 | Orc:2    | Entered Level 2 of the Orcish Mines
 14522 | Orc:2    | Reached skill level 10 in Unarmed Combat
 14522 | Orc:2    | Reached skill level 10 in Evocations
 14592 | Orc:2    | Found Yretala's Magic Scroll Boutique.
 14629 | Orc:2    | Found Paodutur's Magic Scroll Shop.
 14764 | Orc:2    | Bought a scroll of enchant weapon for 97 gold pieces
 14767 | Orc:2    | Bought a scroll of enchant weapon for 127 gold pieces
 14767 | Orc:2    | Bought a scroll of enchant armour for 127 gold pieces
 14807 | Orc:2    | Noticed Rupert
 14814 | Orc:2    | Noticed an orc high priest
 14936 | Orc:2    | Found Xiojyerr's Assorted Antiques.
 14988 | Orc:2    | Noticed Saint Roka
 14999 | Orc:2    | Killed Saint Roka
 15000 | Orc:2    | Reached XP level 13. HP: 82/101 MP: 24/24
 15129 | Orc:2    | Found a staircase to the Elven Halls.
 15340 | Orc:2    | Paralysed by Rupert for 7 turns
 15351 | Orc:2    | Killed Rupert
 15651 | Orc:2    | Found Umoemeas's Antique Weapon Shoppe.
 15651 | Orc:2    | Found Vuuch's Book Emporium.
 15651 | Orc:2    | Found a one-way gate leading to the halls of Pandemonium.
 15665 | Orc:2    | Bought a glimmering long sword for 238 gold pieces
 15665 | Orc:2    | Identified the +6 long sword of Uliseido {vamp, rPois rC++}
                  | (You bought it in a shop on level 2 of the Orcish Mines)
 15665 | Orc:2    | Bought a twisted flail for 238 gold pieces
 15665 | Orc:2    | Identified the +3 flail of the Unliving {vorpal, *Corrode
                  | Int+4 Stlth+} (You bought it in a shop on level 2 of the
                  | Orcish Mines)
 16622 | D:11     | Reached skill level 10 in Fighting
 16622 | D:11     | Reached skill level 10 in Slings
 16696 | D:11     | Reached XP level 14. HP: 110/110 MP: 26/26
 17121 | D:11     | Learned a level 2 spell: Blink
 17881 | D:12     | Reached skill level 10 in Invocations
 18085 | D:12     | Found a shadowy altar of Dithmenos.
 18684 | Lair:1   | Entered Level 1 of the Lair of Beasts
 18809 | Lair:1   | You fall into a shaft and drop 1 floor!
 21018 | Lair:3   | Found a hole to the Spider Nest.
 21690 | Lair:3   | Found a staircase to the Shoals.
 22002 | Lair:4   | Reached XP level 15. HP: 109/117 MP: 28/28
 23042 | Lair:5   | Reached skill level 10 in Short Blades
 23042 | Lair:5   | Reached skill level 10 in Long Blades
 23042 | Lair:5   | Reached skill level 10 in Axes
 23042 | Lair:5   | Reached skill level 10 in Maces & Flails
 23042 | Lair:5   | Reached skill level 10 in Polearms
 23042 | Lair:5   | Reached skill level 10 in Staves
 23042 | Lair:5   | Reached skill level 10 in Bows
 23042 | Lair:5   | Reached skill level 10 in Crossbows
 23042 | Lair:5   | Reached skill level 10 in Throwing
 23042 | Lair:5   | Reached skill level 10 in Armour
 23042 | Lair:5   | Reached skill level 10 in Dodging
 23042 | Lair:5   | Reached skill level 10 in Stealth
 23042 | Lair:5   | Reached skill level 10 in Shields
 23042 | Lair:5   | Reached skill level 10 in Spellcasting
 23159 | Lair:5   | Found a staircase to the Slime Pits.
 23716 | Lair:6   | Entered Level 6 of the Lair of Beasts
 24352 | Lair:6   | Noticed Snorg
 24367 | Lair:6   | Killed Snorg
 25192 | Lair:6   | Found a corrupted altar of Lugonu.
 25413 | Spider:1 | Entered Level 1 of the Spider Nest
 25437 | Spider:1 | Killed a ghost moth
 25502 | Spider:1 | Noticed Louise
 25559 | Spider:1 | Noticed Jorgrun
 25814 | Shoals:1 | Entered Level 1 of the Shoals
 25879 | Shoals:1 | Reached XP level 16. HP: 46/126 MP: 28/30
 26126 | Shoals:1 | Found a gateway to a bazaar.
 26137 | Bazaar   | Entered a bazaar
 26137 | Bazaar   | Found Onugohob's General Store.
 26140 | Bazaar   | Found Viad Efieca's General Store.
 26151 | Bazaar   | Found Gotunn's Antique Weapon Shoppe.
 26153 | Bazaar   | Found Meohiadi's Armour Emporium.
 26195 | Bazaar   | Found Xasmo's Distillery.
 26237 | Bazaar   | Bought the +3 crown of Dyrovepreva {rElec Int+2 SInv} for
                  | 579 gold pieces
 26237 | Bazaar   | Found the +3 crown of Dyrovepreva {rElec Int+2 SInv}
 26744 | Shoals:2 | Learned a level 2 spell: Passwall
 26747 | Shoals:2 | Learned a level 2 spell: Wereblood
 27783 | Shoals:3 | Noticed a kraken
 28052 | Shoals:3 | Killed a kraken
 28632 | Shoals:4 | Entered Level 4 of the Shoals
 28760 | Shoals:4 | Noticed a kraken
 29454 | Shoals:4 | Slain by a frost giant

Illustrated notes

Levels and vault maps discovered:
D:1:      pf_arrival_petrified_forest, layout_loops_ring,
          shapermc_ecumenical_altar_mp_vishouse, serial_shops,
          nicolae_shop_advertising_works [nicolae_subvault_shop_adworks],
          minmay_misc_feat_tower, chequers_serial_rivers_large_b,
          minmay_nonomino_d4
D:2:      layout_loops_ring, wander_ebering_terrifying_dragon_lair
D:3:      layout_loops_cross, grunt_temple_overflow_open, grunt_ministairs_11
D:4:      layout_gridville, gammafunk_ghost_abyssal_escape
D:5:      layout_loops_ring, minmay_temple_entry_overgrown, uniq_ijyb
D:6:      layout_cave_pools, tgw_kikubaaqudgha, kennysheep_generic_room_10,
          uniq_blork_the_orc, uniq_edmund, uniq_sigmund
D:7:      layout_gridville, serial_shops, shop, enter_ossuary_4
D:8:      layout_basic, mainiacjoe_overflow_paths, serial_shops,
          nicolae_take_the_stairs, uniq_joseph, uniq_prince_ribbit1, uniq_psyche
D:9:      minmay_the_grid_plus_closed [minmay_the_grid_embedded,
          minmay_the_grid_spikes, minmay_the_grid_tri_star,
          minmay_the_grid_all_tris, minmay_the_grid_prize_big_room],
          layout_loops_corners, ashenzari_conservatory_becter, lair_entry_dummy,
          special_room [special_room_orc]
D:10:     kennysheep_town, uniq_maurice
D:11:     minmay_bloctagon, layout_loops_ring, worms_lemuel
D:12:     layout_irregular_city, grunt_dithmenos_smoke_and_mirrors
Lair:1:   layout_layer_cave
Lair:2:   layout_hall_layers, bh_autumn_forest_stairs,
          chequers_serial_rivers_micro_a, serial_bayou_shore_b,
          grunt_megastairs_5
Lair:3:   layout_roguey, elwin_shoals_entry_rooms, dummy_spider_entry,
          minivault_27
Lair:4:   layout_cave_pods, nzn_sisyphean_effort
Lair:5:   layout_roguey, minmay_slime_entry_jelly_boxes
Lair:6:   hellmonk_lair_end_abyssal_woods, layout_hall_layers,
          nicolae_lair_liquid_snakes, uniq_snorg
Shoals:1: layout_shoals, serial_shops, statue_bzr
Shoals:2: layout_shoals, nicolae_shoals_secluded_bog
Shoals:3: layout_shoals, nicolae_shoals_lost_giant_temple
Shoals:4: shoals_end_grunt_ice, layout_shoals
Spider:1: layout_chambers, hellmonk_narrow_tunnel, uniq_jorgrun, uniq_louise
Orc:1:    layout_diamond_mine
Orc:2:    pf_orc_diabolical, layout_diamond_mine, basic_altar, serial_shops,
          nicolae_shop_hallway_stairs, nicolae_orc_sculptors_studio,
          uniq_saint_roka, uniq_rupert

Skill      XL: |  1  2  3  4  5  6  7  8  9 10 11 12 13 14 15 16 |
---------------+-------------------------------------------------+-----
Invocations    | 1 2 3 4 5 6 7 8 9 10 11 12 | 12.2
Short Blades   | 1 2 3 4 5 6 7 8 9 10 11 | 11.3
Long Blades    | 1 2 3 4 5 6 7 8 9 10 11 | 11.3
Axes           | 1 2 3 4 5 6 7 8 9 10 11 | 11.3
Maces & Flails | 1 2 3 4 5 6 7 8 9 10 11 | 11.3
Polearms       | 1 2 3 4 5 6 7 8 9 10 11 | 11.3
Staves         | 1 2 3 4 5 6 7 8 9 10 11 | 11.3
Bows           | 1 2 3 4 5 6 7 8 9 10 11 | 11.3
Crossbows      | 1 2 3 4 5 6 7 8 9 10 11 | 11.3
Throwing       | 1 2 3 4 5 6 7 8 9 10 11 | 11.3
Armour         | 1 2 3 4 5 6 7 8 9 10 11 | 11.3
Dodging        | 1 2 3 4 5 6 7 8 9 10 11 | 11.3
Stealth        | 1 2 3 4 5 6 7 8 9 10 11 | 11.3
Shields        | 1 2 3 4 5 6 7 8 9 10 11 | 11.3
Spellcasting   | 1 2 3 4 5 6 7 8 9 10 11 | 11.3
Conjurations   | 1 2 3 4 5 6 7 8 9 |  9.5
Hexes          | 1 2 3 4 5 6 7 8 9 |  9.5
Summonings     | 1 2 3 4 5 6 7 8 9 |  9.5
Necromancy     | 1 2 3 4 5 6 7 8 9 |  9.5
Translocations | 1 2 3 4 5 6 7 8 9 |  9.5
Transmutations | 1 2 3 4 5 6 7 8 9 |  9.5
Fire Magic     | 1 2 3 4 5 6 7 8 9 |  9.5
Ice Magic      | 1 2 3 4 5 6 7 8 9 |  9.5
Air Magic      | 1 2 3 4 5 6 7 8 9 |  9.5
Earth Magic    | 1 2 3 4 5 6 7 8 9 |  9.5
Poison Magic   | 1 2 3 4 5 6 7 8 9 |  9.5
Fighting       | 5 6 7 8 9 10 11 12 | 12.1
Slings         | 5 6 7 8 9 10 11 12 | 12.1
Unarmed Combat | 7 8 9 10 11 12 | 12.9
Evocations     | 7 8 9 10 11 12 | 12.9

Action                   |  1- 3 |  4- 6 |  7- 9 | 10-12 | 13-15 | 16-18 || total
-------------------------+-------+-------+-------+-------+-------+-------++-------
Melee: Trident           |       |    88 |   118 |       |       |       ||   206
       Hand axe          |       |    12 |       |       |       |       ||    12
       Bite              |       |    11 |    52 |   148 |   342 |   115 ||   668
       Punch             |       |     4 |     9 |       |       |       ||    13
       Whip              |       |       |   181 |   188 |       |       ||   369
       Mace              |       |       |       |   316 |       |       ||   316
       Spear             |       |       |       |   423 |   303 |       ||   726
       Long sword        |       |       |       |       |  1457 |   535 ||  1992
 Fire: Hunting sling     |   136 |    91 |    18 |       |       |       ||   245
Throw: Dart              |       |     7 |     3 |     4 |       |       ||    14
       Boomerang         |       |       |       |       |     1 |       ||     1
 Cast: Blink             |       |       |       |       |     2 |       ||     2
Invok: Bend Time         |       |       |     1 |     3 |     4 |       ||     8
       Temporal Distorti |       |       |       |     1 |     1 |       ||     2
       Slouch            |       |       |       |     1 |    13 |     5 ||    19
Evoke: Wand              |       |       |     1 |    15 |     9 |     3 ||    28
       Lightning rod     |       |       |       |     7 |     9 |     6 ||    22
       Box of beasts     |       |       |       |     1 |     1 |     1 ||     3
       Condenser vane    |       |       |       |     1 |     1 |     1 ||     3
       Phantom mirror    |       |       |       |       |     1 |     1 ||     2
  Use: Scroll            |       |       |     8 |    15 |    10 |     6 ||    39
       Potion            |       |       |       |       |     5 |     4 ||     9
 Stab: Sleeping          |       |     4 |       |       |       |       ||     4
       Paralysed         |       |       |       |     3 |       |       ||     3
       Distracted        |       |       |       |       |     2 |       ||     2
       Petrified         |       |       |       |       |     5 |       ||     5
Armor: Leather armour    |    43 |    46 |     2 |       |       |       ||    91
       Plate armour      |       |       |   142 |   329 |   798 |   184 ||  1453
Dodge: Dodged            |    59 |    71 |    69 |   258 |   748 |   269 ||  1474
Block: Tower shield      |       |       |   173 |  1154 |  2392 |   782 ||  4501

Table legend: (Time is in decaauts)
 A = Elapsed time spent in this place.
 B = Non-inter-level travel time spent in this place.
 C = Inter-level travel time spent in this place.
 D = Time resting spent in this place.
 E = Time spent auto-exploring this place.
 F = Levels seen in this place.
 G = Mean time per level.
                   A        B        C        D        E       F      G
               +--------+--------+--------+--------+--------+-----+--------+
         Total |  45830 |  43133 |   2697 |   3386 |  28077 |  26 | 1762.7 |
       Dungeon |  23798 |  22656 |   1142 |   2130 |  15413 |  12 | 1983.2 |
          Lair |  12311 |  11350 |    961 |    542 |   7702 |   6 | 2051.8 |
        Shoals |   5855 |   5643 |    212 |    514 |   3224 |   4 | 1463.8 |
   Spider Nest |    139 |    139 |      0 |     44 |      2 |   1 |  139.0 |
  Orcish Mines |   3499 |   3117 |    382 |    156 |   1688 |   2 | 1749.5 |
        Bazaar |    226 |    226 |      0 |      0 |     48 |   1 |  226.0 |
               +--------+--------+--------+--------+--------+-----+--------+

Top non-repeatable levels by time:
     D:9: 3630 daAuts
    D:10: 3473 daAuts
  Lair:6: 2693 daAuts
   Orc:2: 2646 daAuts
    D:11: 2330 daAuts
  Lair:3: 2192 daAuts
  Lair:1: 2147 daAuts
     D:8: 2121 daAuts
Shoals:3: 2042 daAuts
  Lair:4: 2024 daAuts
     D:5: 1871 daAuts
     D:7: 1767 daAuts
  Lair:2: 1718 daAuts
Shoals:2: 1704 daAuts
     D:3: 1640 daAuts
